 Dungeon Crawl Stone Soup version 0.20.1-1-g8b1a95d (webtiles) character file.

1570 dohliylev the Covert (level 8, -3/52 HPs)
             Began as a Vampire Enchanter on July 13, 2017.
             Was a Follower of Nemelex Xobeh.
             Shot with an arrow by a centaur (6 damage)
             ... on level 5 of the Dungeon.
             The game lasted 00:27:19 (6664 turns).

dohliylev the Covert (Vampire Enchanter)            Turns: 6664, Time: 00:27:19

Health: -3/52      AC:  2    Str:  7    XL:     8   Next: 59%
Magic:  4/13       EV: 15    Int: 20    God:    Nemelex Xobeh [*.....]
Gold:   284        SH:  0    Dex: 14    Spells: 8/14 levels left

rFire    . . .     SeeInvis +   a - +2 dagger (venom)
rCold    + . .     Gourm    .   (no shield)
rNeg     + + .     Faith    .   b - +0 robe
rPois    +         Spirit   .   (no helmet)
rElec    .         Reflect  .   (no cloak)
rCorr    .         Harm     .   (no gloves)
MR       .....                  (no boots)
Stlth    ++++++....             (no amulet)
Regen    0.1/turn               i - ring of stealth
MPRegen  0.2/turn               (no ring)

@: regenerating slowly
A: fangs 3, see invisible, unbreathing
a: Bat Form, Renounce Religion


You were on level 5 of the Dungeon.
You worshipped Nemelex Xobeh.
Nemelex Xobeh was aware of your devotion.
You were thirsty.

You visited 1 branch of the dungeon, and saw 6 of its levels.

You collected 284 gold pieces.

Inventory:

Hand Weapons
 a - a +2 dagger of venom (weapon)
 w - a +1 rapier of draining
Armour
 b - a +0 robe (worn)
Jewellery
 i - a ring of stealth (left hand)
Scrolls
 f - 4 scrolls of remove curse {unknown}
 h - 5 scrolls of enchant weapon {unknown}
 m - 2 scrolls of enchant armour {unknown}
 n - 4 scrolls of teleportation {unknown}
 p - a scroll of amnesia {unknown}
 q - 3 scrolls of identify {unknown}
 x - a scroll of vulnerability {unknown}
 y - a scroll of recharging {unknown}
 A - a scroll of brand weapon {unknown}
Potions
 d - 13 potions of blood
 e - a potion of cancellation {unknown}
 g - 3 potions of heal wounds {unknown}
 j - a potion of haste {unknown}
 k - a potion of invisibility {unknown}
 l - a potion of lignification {unknown}
 o - 2 potions of flight {unknown}
 r - a potion of curing {unknown}
 t - 2 potions of degeneration {unknown}
 u - a potion of magic {unknown}
 z - a potion of resistance {unknown}
Books
 c - a book of Maledictions

   Spells                             Type                      Level
   a - Corona                         Hexes                        1
   b - Ensorcelled Hibernation        Hexes/Ice                    2
   c - Confuse                        Hexes                        3
   d - Tukima's Dance                 Hexes                        3
   e - Dazzling Spray                 Conjuration/Hexes            3
Miscellaneous
 s - a plain deck of summoning {drawn: 1}
 v - a plain deck of destruction


   Skills:
 * Level 6.2 Short Blades
 * Level 5.0 Dodging
 - Level 10.1 Stealth
 + Level 3.8 Spellcasting
 - Level 5.1 Hexes
 + Level 2.2 Ice Magic
 + Level 2.4 Invocations


You had 8 spell levels left.
You knew the following spells:

 Your Spells              Type           Power        Failure   Level  Hunger
a - Corona                Hex            ###....      1%          1    None
b - Ensorcelled Hibernat  Hex/Ice        ###...       4%          2    ##.....
c - Confuse               Hex            ###.....     4%          3    ###....


Dungeon Overview and Level Annotations

Branches:
Dungeon (6/15)             Temple (0/1) D:5

Altars:
Ashenzari
Fedhas
Gozag
Nemelex Xobeh
Yredelemnul
Zin
The Shining One


Innate Abilities, Weirdness & Mutations

You heal slowly.
You have razor-sharp teeth.
You have supernaturally acute eyesight. (SInv)
You can survive without breathing.


Message History

You see here an arrow.
Casting: Confuse
Confirm with . or Enter, or press ? or * to list all spells.
Aiming: Confuse
Press: ? - help, Shift-Dir - straight line, f/p - centaur
Aim: a centaur, wielding a shortbow (chance to defeat MR: 53%)
The centaur appears confused.
One of your 14 potions of blood rots away.
You start resting.
The centaur shoots an arrow.
The arrow hits you.
* * * LOW HITPOINT WARNING * * *
Casting: Confuse
Confirm with . or Enter, or press ? or * to list all spells.
Aiming: Ensorcelled Hibernation
Press: ? - help, Shift-Dir - straight line, f/p - centaur
Aim: a centaur, wielding a shortbow (chance to defeat MR: 49%)
The centaur resists with some effort.
The centaur shoots an arrow.
The arrow hits you.
You die...
Your body disappears without a glow.

#####.######..####
#...###......#
###..........#
########.........#
.................#######
......c.#########......##
#####..## ##........##
..####(### #..........#
#..#.._(.######.@........#
##...#.#......#..........#
#####..######c...........#
......(.>................#
###############.........##
#..........# #..........#
#..........# #....(.....#


You could see a centaur.

Vanquished Creatures
  2 yaks (D:5)
  An ice beast (D:5)
  2 phantoms (D:5)
  An ogre (D:5)
  A wight (D:6)
  2 howler monkeys (D:4)
  4 hounds
  A jelly (D:6)
  4 orc wizards
  2 orc priests (D:4)
  An iguana (D:4)
  Natasha (thrice) (D:4)
  3 worker ants (D:5)
  A hound skeleton (D:5)
  5 adders
  2 oozes
  An adder skeleton (D:5)
  2 worms (D:2)
  4 dart slugs
  4 leopard geckos
  18 orcs
  7 bats
  7 giant cockroaches
  6 goblins
  6 hobgoblins
  11 jackals
  14 kobolds
  A quokka (D:5)
  2 ball pythons
  4 frilled lizards
  A jackal zombie (D:4)
  A leopard gecko skeleton (D:4)
  7 rats
131 creatures vanquished.

Vanquished Creatures (collateral kills)
  A hippogriff (D:6)
  2 wights (D:6)
3 creatures vanquished.

Grand Total: 134 creatures vanquished

Notes
Turn   | Place    | Note
-------+----------+-------------------------------------------
     0 | D:1      | dohliylev the Vampire Enchanter began the quest for the Orb.
     0 | D:1      | Reached XP level 1. HP: 13/13 MP: 3/3
   122 | D:1      | Reached XP level 2. HP: 18/19 MP: 5/5
   126 | D:1      | Learned a level 2 spell: Ensorcelled Hibernation
   317 | D:1      | Reached skill level 5 in Stealth
   851 | D:1      | You fall through a shaft!
   877 | D:2      | Reached XP level 3. HP: 17/24 MP: 1/6
  1146 | D:2      | Found a blossoming altar of Fedhas.
  1228 | D:2      | Reached skill level 6 in Stealth
  2002 | D:3      | Reached XP level 4. HP: 30/30 MP: 4/7
  2656 | D:3      | Reached skill level 7 in Stealth
  3054 | D:3      | Reached skill level 8 in Stealth
  3054 | D:3      | Reached XP level 5. HP: 35/35 MP: 2/8
  4006 | D:4      | Found a sparkling altar of Nemelex Xobeh.
  4010 | D:4      | Became a worshipper of Nemelex Xobeh the Trickster
  4074 | D:4      | Received a gift from Nemelex Xobeh
  4091 | D:4      | Reached XP level 6. HP: 41/41 MP: 9/9
  4156 | D:4      | Found an opulent altar of Gozag.
  4156 | D:4      | Found a basalt altar of Yredelemnul.
  4195 | D:4      | Noticed Natasha
  4223 | D:4      | Killed Natasha
  4223 | D:4      | Reached skill level 1 in Invocations
  4287 | D:4      | Noticed Natasha
  4291 | D:4      | Killed Natasha
  4413 | D:4      | Learned a level 3 spell: Confuse
  4636 | D:4      | Noticed Natasha
  4638 | D:4      | Killed Natasha
  4947 | D:5      | Entered Level 5 of the Dungeon
  4982 | D:5      | Reached skill level 5 in Short Blades
  4982 | D:5      | Reached XP level 7. HP: 30/46 MP: 3/10
  5384 | D:5      | Found a glowing golden altar of the Shining One.
  5473 | D:5      | Reached * piety under Nemelex Xobeh
  5496 | D:5      | Found a staircase to the Ecumenical Temple.
  5681 | D:5      | Reached skill level 1 in Ice Magic
  5715 | D:5      | Found a shattered altar of Ashenzari.
  5843 | D:5      | Reached skill level 9 in Stealth
  6037 | D:5      | Received a gift from Nemelex Xobeh
  6216 | D:5      | Found a glowing silver altar of Zin.
  6259 | D:6      | Noticed a yak
  6259 | D:6      | Noticed a yak
  6259 | D:6      | Noticed a yak
  6259 | D:6      | Noticed a yak
  6259 | D:6      | Noticed a yak
  6263 | D:5      | Killed a yak
  6263 | D:5      | Reached skill level 5 in Hexes
  6263 | D:5      | Reached XP level 8. HP: 42/52 MP: 9/12
  6266 | D:5      | Reached skill level 10 in Stealth
  6374 | D:6      | Noticed a hippogriff
  6381 | D:6      | Killed a hippogriff
  6490 | D:5      | Reached skill level 5 in Dodging
  6664 | D:5      | Shot with an arrow by a centaur

Skill      XL: |  1  2  3  4  5  6  7  8 |
---------------+-------------------------+-----
Stealth        | 5 6 8 9 10 | 10.1
Short Blades   | 3 5 6 |  6.2
Dodging        | 3 4 5 |  5.0
Invocations    | 2 |  2.4
Ice Magic      | 1 2 |  2.2
Hexes          | 5 |  5.1
Spellcasting   | 3 |  3.8

Action                   |  1- 3 |  4- 6 |  7- 9 || total
-------------------------+-------+-------+-------++-------
Melee: Dagger            |   122 |   129 |    78 ||   329
       Bite              |     3 |     8 |     5 ||    16
 Cast: Ensorcelled Hiber |    18 |    42 |    27 ||    87
       Corona            |     2 |     2 |     1 ||     5
       Confuse           |       |     5 |     8 ||    13
 Abil: End Transformatio |       |     2 |     2 ||     4
       Bat Form          |       |     2 |     2 ||     4
Evoke: Deck              |       |       |     1 ||     1
  Use: Potion            |       |     7 |     4 ||    11
 Stab: Sleeping          |    27 |    35 |    20 ||    82
       Confused          |       |     2 |     4 ||     6
  Eat: Corpse            |     3 |     2 |       ||     5
Armor: Robe              |    17 |     5 |     7 ||    29
Dodge: Dodged            |    82 |    62 |    38 ||   182
